 Dungeon Crawl Stone Soup version 0.15.0-18-g9076a4f (webtiles) character file.

2461 Johnny the Shield-Bearer (level 9, 0/71 HPs)
             Began as a Formicid Fighter on Sept 6, 2014.
             Was a Follower of Trog.
             Slain by a water moccasin (5 damage)
             ... on Level 6 of the Dungeon.
             The game lasted 00:17:50 (5465 turns).

Johnny the Shield-Bearer (Formicid Fighter)         Turns: 5465, Time: 00:17:50

HP   0/71        AC  9     Str 20      XL: 9   Next: 79%
MP  12/12        EV  8     Int  9      God: Trog [*.....]
Gold 229         SH 11     Dex 13      Spells:  0 memorised,  8 levels left

rFire  . . .     SeeInvis +     i - +3 scythe (venom)
rCold  . . .     Clarity  .     b - +0 scale mail
rNeg   + . .     rCorr    .     c - +0 shield
rPois  .         rRot     .     (helmet unavailable)
rElec  .         Spirit   .     (no cloak)
SustAb .         Warding  .     (no gloves)
rMut   .         Stasis   +     k - +0 pair of boots
Gourm  .                        (no amulet)
MR     .....                    (no ring)
                                f - ring of positive energy

@: lethally poisoned, invisible, not resistant to hostile enchantments,
extremely unstealthy
A: permanent stasis, dig shafts and tunnels, four strong arms, antennae 3
a: Dig, Shaft Self, Burn Spellbooks, Renounce Religion


You were on level 6 of the Dungeon.
You worshipped Trog.
Trog was aware of your devotion.
You were not hungry.

You visited 2 branches of the dungeon, and saw 8 of its levels.

You collected 229 gold pieces.

Inventory:

Hand weapons
 a - a +0 war axe
 i - a +3 scythe of venom (weapon)
Armour
 b - a +0 scale mail (worn)
 c - a +0 shield (worn)
 k - a +0 pair of boots (worn)
Magical devices
 p - a wand of confusion (2)
Comestibles
 d - 6 bread rations
 h - a slice of pizza
 m - a meat ration
Scrolls
 g - a scroll of teleportation
 l - a scroll of remove curse
 n - 3 scrolls of recharging
 o - a scroll of blinking
 r - a scroll of amnesia
Jewellery
 f - a ring of positive energy (left hand)
Potions
 e - a potion of might
 j - a potion of brilliance
 s - 2 potions of curing {unknown}


   Skills:
 * Level 6.9 Fighting
 - Level 2.8(4.2) Axes
 * Level 4.9(5.2) Polearms
 * Level 6.8 Armour
 * Level 4.9 Dodging
 * Level 7.8 Shields


You had 8 spell levels left.
You didn't know any spells.

Dungeon Overview and Level Annotations

Branches:
Dungeon (7/15)             Temple (1/1) D:5

Altars:
Ashenzari
Cheibriados
Dithmenos
Elyvilon
Fedhas
Kikubaaqudgha
Nemelex Xobeh
Okawaru
Sif Muna
Trog
Vehumet
Xom
Yredelemnul
The Shining One
Beogh

Annotations:
D:3 Johnny's ghost, average HuBe
D:4 Gigax's ghost, experienced OpWn


Innate Abilities, Weirdness & Mutations

Your are under a permanent stasis effect.
You can dig through walls and to a lower floor.
Your four strong arms can wield two-handed weapons with a shield.
You have a pair of large antennae on your head (SInv).


Message History

The gnoll closely misses you.
You are too injured to fight recklessly!
You barely miss the water moccasin.
The water moccasin is severely wounded.
You feel sick. The water moccasin barely misses you.
The water moccasin bites you!
* * * LOW HITPOINT WARNING * * *
You are lethally poisoned!
The water moccasin poisons you! The gnoll hits you but does no damage.
The water moccasin bites you.
* * * LOW HITPOINT WARNING * * *
You are more poisoned.
The water moccasin poisons you!
Drink which item? (? for menu, Esc to quit)
You fade into invisibility!
It was a potion of invisibility.
* * * LOW HITPOINT WARNING * * *
You feel very sick. The gnoll closely misses you. The water moccasin bites you.
You die...

###########.#.#
............#.#########
##.....###............#
.......# #............#
##.....# #............#
##.#...# #....((......#
...#...# #.()()..(.)..#
..###..####.###########
.##.##.......>gS@...#
##...##[.##.#.#####.#
#..#..'#..#.#.# #.#
..#.#..##...#.# #.#
.#._.#..###...# #.#
..#.#..##)..#.#####.#
#..#..##..#.........#
##...##...###.#######
.##.##....# #.#


You could see a water moccasin and a gnoll.

Vanquished Creatures
  Pikel (D:5)
  Prince Ribbit (D:6)
  Eustachio (D:6)
  2 sky beasts
  An ice beast (D:5)
  3 ogres
  2 phantoms
  A centaur (D:6)
  Sigmund (D:2)
  A gnoll sergeant (D:5)
  A scorpion (D:5)
  A killer bee (D:6)
  3 goliath beetles (D:5)
  A crimson imp (D:5)
  2 orc priests
  3 hounds
  An orc wizard (D:5)
  An iguana (D:6)
  A worker ant (D:7)
  An ogre skeleton (D:6)
  4 adders
  11 gnolls
  3 giant mites (D:5)
  A worm (D:2)
  6 giant geckos
  An ooze (D:2)
  24 orcs
  3 bats
  9 giant cockroaches
  6 goblins
  9 hobgoblins
  5 kobolds
  A ball python (D:2)
  4 giant newts
  A hobgoblin skeleton (D:4)
  6 jackals
  3 quokkas
  11 rats
137 creatures vanquished.

Vanquished Creatures (others)
  3 slaves (D:5)
  An ogre (D:5)
  A scorpion (D:5)
  A big kobold zombie (D:5)
  An orc (D:5)
  A giant cockroach (D:5)
  A giant gecko (D:5)
  A goblin (D:5)
  A goblin skeleton (D:5)
11 creatures vanquished.

Grand Total: 148 creatures vanquished

Notes
Turn   | Place    | Note
--------------------------------------------------------------
     0 | D:1      | Johnny, the Formicid Fighter, began the quest for the Orb.
     0 | D:1      | Reached XP level 1. HP: 18/18 MP: 1/1
   174 | D:1      | You fall through a shaft!
   260 | D:2      | Reached XP level 2. HP: 12/24 MP: 3/3
   485 | D:2      | Reached skill level 4 in Shields
   485 | D:2      | Reached XP level 3. HP: 20/29 MP: 4/4
   777 | D:2      | Noticed Sigmund
   789 | D:2      | Killed Sigmund
   789 | D:2      | Reached skill level 1 in Dodging
   789 | D:2      | Reached XP level 4. HP: 13/37 MP: 5/5
   789 | D:2      | Reached XP level 5. HP: 14/42 MP: 7/7
  1709 | D:3      | Found a roughly hewn altar of Beogh.
  1895 | D:3      | Noticed Johnny's ghost (average HuBe)
  1903 | D:3      | Reached skill level 1 in Polearms
  1903 | D:3      | Reached XP level 6. HP: 48/48 MP: 8/8
  1928 | D:3      | Found an iron altar of Okawaru.
  2132 | D:4      | Reached skill level 5 in Shields
  2234 | D:4      | Noticed Gigax's ghost (experienced OpWn)
  2350 | D:4      | Reached XP level 7. HP: 55/55 MP: 9/9
  2447 | D:5      | Entered Level 5 of the Dungeon
  2447 | D:5      | Found a white marble altar of Elyvilon.
  2486 | D:5      | Reached skill level 5 in Fighting
  2486 | D:5      | Reached skill level 5 in Armour
  2727 | D:5      | Reached XP level 8. HP: 48/62 MP: 11/11
  2820 | D:5      | Found a staircase to the Ecumenical Temple.
  2891 | D:5      | Noticed Pikel
  2931 | D:5      | Killed Pikel
  2931 | D:5      | Reached skill level 6 in Shields
  3219 | D:4      | You fall through a shaft!
  3517 | D:5      | Reached XP level 9. HP: 53/69 MP: 12/12
  3744 | D:5      | Reached skill level 7 in Shields
  4027 | Temple   | Entered the Ecumenical Temple
  4114 | Temple   | Became a worshipper of Trog the Wrathful
  4601 | D:6      | Found a glowing golden altar of the Shining One.
  4675 | D:6      | Noticed Eustachio
  4709 | D:6      | Killed Eustachio
  4761 | D:6      | Acquired Trog's first power
  5009 | D:6      | Noticed Prince Ribbit
  5019 | D:6      | Killed Prince Ribbit
  5465 | D:6      | Slain by a water moccasin

Action                   |  1- 3 |  4- 6 |  7- 9 || total
-------------------------+-------+-------+-------++-------
Melee: War axe           |    59 |       |       ||    59
       Scythe            |       |    89 |   276 ||   365
Invok: Burn Spellbooks   |       |       |     2 ||     2
 Abil: Shaft Self        |     1 |       |     1 ||     2
       Dig               |     1 |       |     2 ||     3
  Use: Scroll            |       |     2 |     3 ||     5
       Potion            |       |       |     6 ||     6
  Eat: Chunk             |       |     3 |     5 ||     8
       Meat ration       |       |     1 |     1 ||     2
       Royal jelly       |       |       |     1 ||     1
